 Dungeon Crawl Stone Soup version 0.31-a0-1027-gfb7600b534 (webtiles) character file.

Game seed: 2134825505418300247

46 Conn the Sneak (level 3, -3/21 HPs)
             Began as an Octopode Fire Elementalist on Nov 18, 2023.
             Slain by an orc
             ... wielding a +0 mace
              (8 damage)
             ... on level 2 of the Dungeon.
             The game lasted 00:04:10 (1394 turns).

Conn the Sneak (Octopode Fire Elementalist)         Turns: 1394, Time: 00:04:10

Health: -3/21      AC:  1    Str:  7    XL:     3   Next: 66%
Magic:  2/6        EV: 13    Int: 19    God:
Gold:   82         SH:  0    Dex: 12    Spells: 0/6 levels left

rFire   . . .        c - +0 dagger
rCold   . . .        (no shield)
rNeg    . . .        (helmet restricted)
rPois   .            (no amulet)
rElec   .            (no ring)
rCorr   .            (no ring)
SInv    .            (no ring)
Will    +....        (no ring)
Stlth   +++          (no ring)
HPRegen 0.23/turn    (no ring)
MPRegen 0.10/turn    (no ring)
                     (no ring)

%: no passive effects
@: enlightened, flying
A: almost no armour, amphibious, 8 rings, camouflage 1, gelatinous body 1,
(nimble swimmer 1), tentacles
a: no special abilities


You were on level 2 of the Dungeon.
You visited 1 branch of the dungeon, and saw 2 of its levels.

You collected 82 gold pieces.

Inventory:

Hand Weapons
 c - a +0 dagger (weapon)
Scrolls
 d - 2 scrolls of identify
 g - a scroll of noise
Potions
 a - a potion of magic
 b - a potion of might
 i - a potion of mutation {unknown}
 k - a potion of invisibility {unknown}
 l - a potion of haste {unknown}
 m - a potion of heal wounds {unknown}


   Skills:
 + Level 2.5 Dodging
 + Level 3.4 Stealth
 + Level 2.3 Spellcasting
 + Level 1.6 Conjurations
 + Level 3.3 Fire Magic


You couldn't memorise any spells.
You knew the following spells:

 Your Spells              Type           Power      Damage    Failure   Level
a - Foxfire               Conj/Fire      44%        2x1d6     6%          1
b - Scorch                Fire           28%        2d6       6%          2
c - Inner Flame           Hex/Fire       8%         N/A       24%         3

Your spell library contained the following spells:

 Spells                   Type           Power      Damage    Failure   Level
 Momentum Strike          Conj/Tloc      10%        3d8       17%         2
 Blink                    Tloc           4%         N/A       24%         2
 Lesser Beckoning         Tloc           4%         N/A       24%         2
 Volatile Blastmotes      Fire/Tloc      16%        2d11      24%         3
 Flame Wave               Conj/Fire      11%        2d6       50%         4


Dungeon Overview and Level Annotations

Branches:
Dungeon (2/15)

Altars:


Innate Abilities, Weirdness & Mutations

You cannot wear most types of armour.
You are amphibious.
You can wear up to eight rings at the same time.
Your skin changes colour to match your surroundings (Stealth+).
Your rubbery body absorbs attacks. (AC +1, EV +1)
((You are camouflaged when in or above water. (Stealth+)))
You have tentacles for arms and can constrict up to eight enemies at once.


Message History

The orc hits you with a +0 mace.
The orc wizard gestures at you while chanting.
You resist with significant effort.
Okay, then.
The orc wizard hits you with a +0 dagger.
Okay, then.
As you read the scroll of fear, it crumbles to dust.
You assume a fearsome visage.
The orc priest looks frightened!
The orc looks frightened!
The orc wizard looks frightened! x2
The quokka looks frightened!
The orc wizard casts a spell.
The orc wizard flickers and vanishes!
Deactivating autopickup; reactivate with Ctrl-A.
The orc wizard gestures wildly while chanting.
The orc wizard flickers and vanishes!
Unknown command.
Cornered, the orc turns to fight!
Your magical contamination has completely faded away.
You are confused.
You bump into the rock wall.
The orc barely misses you.
You hear some strange, mumbled words.
Something tries to affect you, but you resist.
You bump into the rock wall.
The orc hits you with a +0 mace.
You bump into the rock wall.
The orc hits you with a +0 mace.
You hear some strange, mumbled words.
Something tries to affect you, but you resist.
You're too confused to move!
The orc hits you with a +0 mace.
You hear some strange, mumbled words.
You are more confused.
You miss something. The orc hits you with a +0 mace. Something hits you.
* * * LOW HITPOINT WARNING * * *
It was a potion of curing.
You feel better. The orc hits you with a +0 mace. Something hits you.
The orc hits you with a +0 mace.
* * * LOW HITPOINT WARNING * * *
It was a potion of enlightenment.
You feel very buoyant.
You fly up into the air.
The orc hits you with a +0 mace!
You die...

####### #...... #......
#...... #....r.###
#........###
#......#...### #########
#......###...###.......#
#...... ###{o@........#
#####.. ####........#
### ####........####
)............^....###
.............####....
#...........).####.###
...................###
##.....###..#######....
#...... ##....####..##


You could see an orc.

Vanquished Creatures
  2 worms (D:2)
  A dart slug (D:1)
  4 ball pythons
  2 endoplasms (D:1)
  3 giant cockroaches (D:1)
  2 goblins (D:1)
  3 hobgoblins
  3 jackals (D:1)
  6 kobolds
  A quokka (D:1)
  4 bats (D:1)
  A frilled lizard (D:2)
  5 rats
37 creatures vanquished.

Vanquished Creatures (others)
  61 foxfires
61 creatures vanquished.

Grand Total: 98 creatures vanquished

Notes
Turn   | Place    | Note
-------+----------+-------------------------------------------
     0 | D:1      | Conn the Octopode Fire Elementalist began the quest for the
                  | Orb.
     0 | D:1      | Reached XP level 1. HP: 11/11 MP: 3/3
   252 | D:1      | Reached XP level 2. HP: 4/17 MP: 5/5
   595 | D:1      | Reached XP level 3. HP: 21/21 MP: 6/6
   598 | D:1      | Learned a level 2 spell: Scorch
   602 | D:1      | Learned a level 3 spell: Inner Flame
  1394 | D:2      | Slain by an orc

Illustrated notes

Levels and vault maps discovered:
D:1:      wander_arrival_chamber, layout_basic
D:2:      layout_rooms, minmay_puff

Skill      XL: |  1 |
---------------+----+-----
Stealth        | 3 |  3.4
Dodging        | |  2.5
Spellcasting   | |  2.3
Conjurations   | |  1.6
Fire Magic     | |  3.3

Action                     || total
---------------------------++-------
  Melee: Dagger            ||    47
         Tentacles         ||    12
         Constrict         ||    11
   Cast: Foxfire           ||    37
         Inner Flame       ||     1
    Use: Potion            ||     4
         Scroll            ||     3
   Stab: Sleeping          ||     8
 Armour: Skin              ||    31
  Dodge: Dodged            ||    36

Table legend: (Time is in decaauts)
 A = Elapsed time spent in this place.
 B = Non-inter-level travel time spent in this place.
 C = Inter-level travel time spent in this place.
 D = Time resting spent in this place.
 E = Time spent auto-exploring this place.
 F = Levels seen in this place.
 G = Mean time per level.
                   A        B        C        D        E       F      G
               +--------+--------+--------+--------+--------+-----+--------+
         Total |   1393 |   1388 |      5 |      0 |    897 |   2 |  696.5 |
       Dungeon |   1393 |   1388 |      5 |      0 |    897 |   2 |  696.5 |
               +--------+--------+--------+--------+--------+-----+--------+

Top non-repeatable levels by time:
     D:1: 910 daAuts
     D:2: 482 daAuts
